 Dungeon Crawl Stone Soup version 0.14.0-24-gfb45beb (webtiles) character file.

205 Qrupt the Slasher (level 3, -2/27 HPs)
             Began as a Demonspawn Gladiator on Apr 22, 2014.
             Killed from afar by Natasha (8 damage)
             ... with a magic dart
             ... on Level 3 of the Dungeon.
             The game lasted 00:02:44 (1867 turns).

Qrupt the Slasher (Demonspawn Gladiator)            Turns: 1867, Time: 00:02:45

HP  -2/27        AC  4     Str 15      XL: 3   Next: 64%
MP   3/3         EV 14     Int  9      God:
Gold 152         SH  0     Dex 14      Spells:  0 memorised,  2 levels left

rFire  + . .     SeeInvis .     a - +0 long sword
rCold  + . .     Clarity  .     b - +0 leather armour
rNeg   . . .     Conserve .     (no shield)
rPois  .         rCorr    .     c - +0 helmet
rElec  .         rRot     .     (no cloak)
SustAb . .       Spirit   .     (no gloves)
rMut   .         Warding  .     (no boots)
Saprov . . .     Stasis   .     (no amulet)
MR     .....                    (no ring)
                                (no ring)

@: slowed, very slow, not resistant to hostile enchantments, unstealthy
A: talons 1, repulsion field 1, blurry vision 1, cold resistance 1, fire
resistance 1
a: no special abilities


You were on level 3 of the Dungeon.
You were very hungry.

You visited 1 branch of the dungeon, and saw 3 of its levels.

You collected 152 gold pieces.

Inventory:

Hand weapons
 a - a +0,+0 long sword (weapon)
Missiles
 d - 3 throwing nets (quivered)
Armour
 b - a +0 leather armour (worn)
 c - a +0 helmet (worn)
Comestibles
 f - 3 bread rations
 k - an apple
 n - a choko
Scrolls
 g - 4 scrolls of random uselessness {unknown}
 i - a scroll of remove curse {unknown}
 j - a scroll of amnesia {unknown}
 l - a scroll of teleportation {unknown}
 r - a scroll of identify {unknown}
Jewellery
 e - an uncursed ring of fire {unknown}
 h - an uncursed amulet of stasis {unknown}
 m - an uncursed ring of see invisible {unknown}
 o - an uncursed amulet of faith {unknown}
Potions
 t - a potion of flight {unknown}
 u - a potion of degeneration {unknown}


   Skills:
 - Level 2.0 Fighting
 + Level 4.2 Long Blades
 - Level 1.7 Throwing
 - Level 2.6 Dodging


You had 2 spell levels left.
You didn't know any spells.

Dungeon Overview and Level Annotations

Branches:
Dungeon (3/15)

Altars:

Annotations:
D:3 Natasha, Terence


Innate Abilities, Weirdness & Mutations

You have sharp toenails.
You are surrounded by a mild repulsion field (EV +2).
Your vision is a little blurry.
Your flesh is cold resistant.
Your flesh is heat resistant.


Message History

* * * LOW HITPOINT WARNING * * *
Drink which item? (? for menu, Esc to quit)
You feel better.
It was a potion of curing.
Natasha stares at you and mumbles some strange words.
The magic dart hits you!
* * * LOW HITPOINT WARNING * * *
Natasha claws you but does no damage.
Drink which item? (? for menu, Esc to quit)
It has a very clean taste.
It was a potion of cure mutation.
Terence screams, "I'm going to kill you!"
Natasha misses you.
Drink which item? (? for menu, Esc to quit)
You feel extremely strange.
You feel hot for a moment.
Your vision blurs.
You feel a sudden chill.
It was a potion of mutation.
Natasha stares at you and mumbles some strange words.
You resist with significant effort.
Natasha stares at you and mumbles some strange words.
The magic dart hits you!
You die...

#... #.#.....P.........##.....
#...#####........#).......##.##.<
...........#..##.#........##.###.
..........@h..##..........##.#<..
...........#..####........##.#.#.
....@#######..####........##.#.#.
.....# #....@.........##.....
.....# #####h######....(.#.##
.....# #@# #.####.#.# .....# #.#
#.####.#.# .....# ##.##
#.#......# #.@.## ##...##
#.#%##.### #...#
#.###.####.#.##.# #.#.# #.#
#...........# #...#
#.###.########### #.### ##...##
.h........ #####


You could see Terence and Natasha.

Vanquished Creatures
  An adder (D:2)
  A worm (D:2)
  An orc (D:3)
  3 bats
  2 giant cockroaches
  7 hobgoblins
  2 kobolds (D:2)
  A quokka (D:2)
  2 ball pythons (D:2)
  7 giant newts
  4 goblins
  A goblin zombie (D:3)
  A kobold skeleton (D:3)
  5 rats
38 creatures vanquished.

Notes
Turn   | Place    | Note
--------------------------------------------------------------
     0 | D:1      | Qrupt, the Demonspawn Gladiator, began the quest for the Orb.
     0 | D:1      | Reached XP level 1. HP: 16/16 MP: 1/1
   237 | D:1      | Reached skill level 3 in Long Blades
   740 | D:1      | Gained mutation: You have sharp toenails. [demonic ancestry]
   740 | D:1      | Reached XP level 2. HP: 20/22 MP: 2/2
   983 | D:2      | Gained mutation: You are surrounded by a mild repulsion field (EV +2). [demonic ancestry]
   983 | D:2      | Reached XP level 3. HP: 14/27 MP: 3/3
  1249 | D:2      | Reached skill level 4 in Long Blades
  1834 | D:3      | Noticed Terence
  1835 | D:3      | Noticed Natasha
  1867 | D:3      | Gained mutation: Your flesh is cold resistant. [potion of mutation]
  1867 | D:3      | Gained mutation: Your vision is a little blurry. [potion of mutation]
  1867 | D:3      | Gained mutation: Your flesh is heat resistant. [potion of mutation]
  1867 | D:3      | Killed from afar by Natasha

Action                   || total
-------------------------++-------
Melee: Long sword        ||    99
  Use: Potion            ||     3
